 Dungeon Crawl Stone Soup version 0.27-a0-1137-g3ef0f4ec91 (webtiles) character file.

Game seed: 11063826612277166367

23 DasRunzen the Ducker (level 2, -2/23 HPs)
             Began as a Demonspawn Gladiator on May 6, 2021.
             Slain by Terence
             ... wielding a +0 trident
              (9 damage)
             ... on level 2 of the Dungeon.
             The game lasted 00:01:30 (782 turns).

DasRunzen the Ducker (Demonspawn Gladiator)          Turns: 782, Time: 00:01:31

Health: -2/23      AC:  3    Str: 14    XL:     2   Next: 75%
Magic:  2/2        EV: 12    Int:  9    God:
Gold:   53         SH:  0    Dex: 14    Spells: 1/1 levels left

rFire    . . .     SeeInvis .   a - +0 trident
rCold    . . .     Faith    .   (no shield)
rNeg     . . .     Spirit   .   b - +0 leather armour
rPois    .         Reflect  .   (helmet restricted)
rElec    .         Harm     .   (no cloak)
rCorr    .         Rampage  .   (no gloves)
Will     .....                  (no boots)
Stlth    +.........             (no amulet)
HPRegen  0.07/turn              (no ring)
MPRegen  0.08/turn              (no ring)

@: mighty
A: antennae 1
a: no special abilities


You were on level 2 of the Dungeon.
You visited 1 branch of the dungeon, and saw 2 of its levels.

You collected 53 gold pieces.

Inventory:

Hand Weapons
 a - a +0 trident (weapon)
Missiles
 d - 3 throwing nets (quivered)
 h - 3 atropa-tipped darts
Armour
 b - a +0 leather armour (worn)
 c - a +0 helmet


   Skills:
 + Level 2.4 Fighting
 + Level 3.0 Polearms
 - Level 1.7 Throwing
 + Level 3.1 Dodging


You had one spell level left.
You didn't know any spells.
Your spell library was empty.

Dungeon Overview and Level Annotations

Branches:
Dungeon (2/15)

Altars:

Annotations:
D:2 Terence


Innate Abilities, Weirdness & Mutations

You have a pair of small antennae on your head.


Message History

You hit the kobold.
You kill the kobold!
No target in view!
You see here a +0 short sword.
An endoplasm comes into view.
The endoplasm quivers.
You reach to attack!
You hit the endoplasm.
The endoplasm is moderately wounded.
You puncture the endoplasm!
You kill the endoplasm!
No target in view!
Found a stone staircase leading down.
There is a stone staircase leading down here.
Terence the Incautious comes into view.
He is wielding a +0 trident and carrying a wand of digging (3).
Terence shouts!
You reach to attack!
You hit Terence but do no damage. Terence closely misses you.
You reach to attack!
You hit Terence.
Terence is moderately wounded.
Terence hits you from afar with a +0 trident.
You reach to attack!
You hit Terence but do no damage.
Terence is moderately wounded.
Terence closely misses you.
You reach to attack!
You barely miss Terence.
Terence is moderately wounded.
Terence bares his teeth.
Terence hits you from afar with a +0 trident!
Terence barely misses you.
You are too injured to fight recklessly!
You are too injured to fight recklessly!
You feel very mighty all of a sudden.
Terence hits you from afar with a +0 trident.
You are too injured to fight recklessly!
Reach: a) +0 trident
Press: ? - help, Dir - move target, f/p - Terence
Aim: Terence, wielding a +0 trident, wearing a +0 scale mail and carrying a wand of digging (3) (moderately wounded, about 37% to evade your +0 trident)
You reach to attack!
You closely miss Terence.
Terence is moderately wounded.
Terence hits you from afar with a +0 trident!
You die...

#. #.##..######
#.##.##..######
#.##.##.......# #
#.##.###>.....+ ..###
#.##.# #......# ......
#.##.# #......#
......##.##+###......#
.....................#
.....@.@...............
...............########
....$..........#
...............#
######.........#
#.........# #.........#
#.........#


You could see Terence.

Vanquished Creatures
  4 endoplasms
  A giant cockroach (D:1)
  A goblin (D:1)
  3 hobgoblins (D:1)
  A quokka (D:1)
  3 ball pythons (D:1)
  2 bats (D:1)
  3 frilled lizards (D:1)
  2 kobolds
  3 rats (D:1)
23 creatures vanquished.

Notes
Turn   | Place    | Note
-------+----------+-------------------------------------------
     0 | D:1      | DasRunzen the Demonspawn Gladiator began the quest for the
                  | Orb.
     0 | D:1      | Reached XP level 1. HP: 16/16 MP: 1/1
   138 | D:1      | Gained mutation: You have a pair of small antennae on your
                  | head. [demonic ancestry]
   138 | D:1      | Reached XP level 2. HP: 22/22 MP: 2/2
   774 | D:2      | Noticed Terence
   782 | D:2      | Slain by Terence

Illustrated notes

Levels and vault maps discovered:
D:1:      sevenhm_arrival_forest_fort_large_1, layout_loops_ring
D:2:      layout_basic, st_stairs_2, uniq_terence

Skill      XL: |  1  2 |
---------------+-------+-----
Dodging        | 3 |  3.1
Polearms       | 3 |  3.0
Fighting       | |  2.4
Throwing       | |  1.7

Action                   || total
-------------------------++-------
Melee: Trident           ||    55
  Use: Scroll            ||     2
       Potion            ||     1
Armor: Leather armour    ||    16
Dodge: Dodged            ||    21

Table legend: (Time is in decaauts)
 A = Elapsed time spent in this place.
 B = Non-inter-level travel time spent in this place.
 C = Inter-level travel time spent in this place.
 D = Time resting spent in this place.
 E = Time spent auto-exploring this place.
 F = Levels seen in this place.
 G = Mean time per level.
                   A        B        C        D        E       F      G
               +--------+--------+--------+--------+--------+-----+--------+
         Total |    792 |    790 |      2 |      0 |    659 |   2 |  396.0 |
       Dungeon |    792 |    790 |      2 |      0 |    659 |   2 |  396.0 |
               +--------+--------+--------+--------+--------+-----+--------+

Top non-repeatable levels by time:
     D:1: 753 daAuts
     D:2: 38 daAuts
